 Dungeon Crawl Stone Soup version 0.19.5 (webtiles) character file.

473 Lizzreth the Slasher (level 7, 0/76 HPs)
             Began as a Hill Orc Fighter on Mar 15, 2017.
             Was a Follower of Hepliaklqana.
             Slain by SkullSpatter's ghost (4 damage)
             ... on level 4 of the Dungeon.
             The game lasted 00:17:41 (3120 turns).

Lizzreth the Slasher (Hill Orc Fighter)             Turns: 3120, Time: 00:17:42

Health: 0/76       AC: 23    Str: 24    XL:     7   Next: 10%
Magic:  7/7        EV:  2    Int:  8    God:    Hepliaklqana [*.....]
Gold:   69         SH:  9    Dex: 12    Spells: 0 memorised, 6 levels left

rFire  . . .     SeeInvis .     a - +0 long sword
rCold  . . .     Gourm    .     (armour currently unavailable)
rNeg   + + +     Faith    .     c - +0 shield
rPois  +         Spirit   .     (helmet currently unavailable)
rElec  .         Reflect  .     (cloak currently unavailable)
rCorr  .         Harm     .     (gloves currently unavailable)
MR     .....     NoTele   +     (boots currently unavailable)
Stlth  +.........               (no amulet)
                                (no ring)
                                (no ring)

@: mighty, tree-form (expiring), heavily drained
A: reduced essence
a: Recall Ancestor, Ancestor Identity, Renounce Religion


You were on level 4 of the Dungeon.
You worshipped Hepliaklqana.
Hepliaklqana was aware of your devotion.
You were not hungry.
You were a tree.
You visited 1 branch of the dungeon, and saw 4 of its levels.

You collected 69 gold pieces.

Inventory:

Hand Weapons
 a - a +0 long sword (weapon)
Armour
 b - a +0 scale mail (melded)
 c - a +0 shield (worn)
 j - a +1 helmet (melded)
Jewellery
 r - an uncursed ring of ice {unknown}
Wands
 s - a wand of acid (10/15)
Scrolls
 e - 4 scrolls of identify
 g - 2 scrolls of teleportation
 i - 3 scrolls of remove curse
 m - a scroll of magic mapping
 o - a scroll of fear {unknown}
 u - a scroll of enchant armour
Potions
 d - a potion of might
 t - a potion of heal wounds {unknown}
Comestibles
 f - 3 bread rations
 h - 2 meat rations
 k - 2 slices of pizza
 n - a beef jerky


   Skills:
 - Level 3.6(1.9) Fighting
 + Level 7.5(5.6) Long Blades
 - Level 3.2(1.6) Armour
 - Level 2.1(0.5) Dodging
 - Level 3.2(1.6) Shields


You had 6 spell levels left.
You didn't know any spells.

Dungeon Overview and Level Annotations

Branches:
Dungeon (4/15)
 Temple: D:4-7

Altars:
Hepliaklqana
Qazlal

Annotations:
D:4 SkullSpatter's ghost, amateur SpAs


Message History

SkullSpatter's ghost hits you but does no damage.
You cannot move.
You miss SkullSpatter's ghost.
SkullSpatter's ghost is lightly damaged.
You block SkullSpatter's ghost's attack.
You miss SkullSpatter's ghost.
SkullSpatter's ghost is lightly damaged.
SkullSpatter's ghost hits you but does no damage.
You barely miss SkullSpatter's ghost.
SkullSpatter's ghost is lightly damaged.
You block SkullSpatter's ghost's attack.
You barely miss SkullSpatter's ghost.
SkullSpatter's ghost is lightly damaged.
SkullSpatter's ghost hits you.
* * * LOW HITPOINT WARNING * * *
x2 SkullSpatter's ghost hits you but does no damage.
You closely miss SkullSpatter's ghost.
SkullSpatter's ghost is lightly damaged.
SkullSpatter's ghost hits you.
You die...

..[.......###.#
#######.#...#.#
#.#.....# #.#...###
.## #.#...# .?.
#.#...#.####.##
#.#...#.##....#
#.###.#.##.#..#
#.....#.##♣#..#
#####.#.##W#..#+####
#.#.##...Z......
####.#.#..#.R).....
#......#..#..!.....
#.##...#..#........
#.###..#..#.#...?..
#.........#.#......
######.#.##.#(.....


You could see SkullSpatter's ghost.

Vanquished Creatures
  A jelly (D:3)
  A centaur skeleton (D:4)
  Terence (D:3)
  A hound skeleton (D:3)
  4 gnolls (D:3)
  A howler monkey skeleton (D:4)
  3 oozes
  2 worms (D:3)
  2 dart slugs
  A leopard gecko (D:1)
  6 orcs
  3 giant cockroaches (D:4)
  6 goblins
  2 hobgoblins
  18 jackals
  A ball python (D:1)
  4 bats
  4 frilled lizards
  7 kobolds
  4 rats
72 creatures vanquished.

Vanquished Creatures (collateral kills)
  Sigmund (D:3)
  A centaur skeleton (D:4)
  2 adders (D:3)
  3 orcs
  2 jackals
  A kobold (D:2)
  2 quokkas (D:2)
12 creatures vanquished.

Vanquished Creatures (others)
  An ancestor (D:4)
1 creature vanquished.

Grand Total: 85 creatures vanquished

Notes
Turn   | Place    | Note
-------+----------+-------------------------------------------
     0 | D:1      | Lizzreth the Hill Orc Fighter began the quest for the Orb.
     0 | D:1      | Reached XP level 1. HP: 19/19 MP: 1/1
    58 | D:1      | Reached skill level 3 in Long Blades
    58 | D:1      | Reached XP level 2. HP: 25/26 MP: 2/2
   507 | D:1      | Reached XP level 3. HP: 26/31 MP: 3/3
  1082 | D:2      | Found a stormy altar of Qazlal.
  1149 | D:2      | Found a hazy altar of Hepliaklqana.
  1157 | D:2      | Became a worshipper of Hepliaklqana the Forgotten
  1231 | D:2      | Reached skill level 4 in Long Blades
  1708 | D:2      | Reached XP level 4. HP: 31/35 MP: 4/4
  1769 | D:3      | Reached skill level 1 in Dodging
  1897 | D:3      | Reached * piety under Hepliaklqana
  1922 | D:3      | Reached skill level 5 in Long Blades
  1928 | D:3      | Reached XP level 5. HP: 27/40 MP: 5/5
  2208 | D:3      | Noticed Sigmund
  2225 | D:3      | Killed Sigmund
  2225 | D:3      | Reached skill level 6 in Long Blades
  2225 | D:3      | Reached XP level 6. HP: 27/45 MP: 6/6
  2674 | D:3      | Noticed Terence
  2683 | D:3      | Killed Terence
  2691 | D:3      | Reached skill level 7 in Long Blades
  3022 | D:4      | Reached XP level 7. HP: 45/51 MP: 7/7
  3067 | D:4      | Noticed SkullSpatter's ghost (amateur SpAs)
  3120 | D:4      | Slain by SkullSpatter's ghost

Skill      XL: |  1  2  3  4  5  6 |
---------------+-------------------+-----
Long Blades    | 3 4 5 6 7 |  7.5
Dodging        | 1 2 |  2.1
Fighting       | |  3.6
Armour         | |  3.2
Shields        | |  3.2

Action                   |  1- 3 |  4- 6 |  7- 9 || total
-------------------------+-------+-------+-------++-------
Melee: Long sword        |   129 |   134 |    53 ||   316
  Use: Scroll            |     6 |       |       ||     6
       Potion            |     1 |       |     4 ||     5
  Eat: Chunk             |     2 |     2 |       ||     4
       Bread ration      |       |     1 |       ||     1
Armor: Scale mail        |   102 |    78 |    19 ||   199
       Skin              |       |       |    15 ||    15
Dodge: Dodged            |    48 |    39 |    14 ||   101
Block: Shield            |    77 |    81 |    15 ||   173
       Rpst.: Long sword |    18 |    14 |     5 ||    37
